 Dungeon Crawl Stone Soup version 0.25.1-4-g9407a263a5 (webtiles) character file.

Game seed: 17549099631393275387

6367 Clowwww the Cleaver (level 10, -3/76 HPs)
             Began as a Demonspawn Gladiator on Nov 28, 2020.
             Was an Elder of Okawaru.
             Slain by a queen bee (11 damage)
             ... on level 8 of the Dungeon.
             The game lasted 00:28:43 (10731 turns).

Clowwww the Cleaver (Demonspawn Gladiator)         Turns: 10731, Time: 00:28:44

Health: -3/76      AC:  6    Str: 23    XL:     10   Next: 65%
Magic:  10/10      EV: 15    Int:  9    God:    Okawaru [****..]
Gold:   360        SH: 10    Dex: 16    Spells: 9/9 levels left

rFire    + . .     SeeInvis +   a - +1 war axe
rCold    . . .     Gourm    .   x - +0 buckler
rNeg     . . .     Faith    .   b - +0 leather armour
rPois    .         Spirit   .   (helmet restricted)
rElec    .         Reflect  +   m - scarf {repulsion}
rCorr    .         Harm     .   (no gloves)
MR       .....                  (no boots)
Stlth    +++.......             r - amulet of reflection
HPRegen  0.22/turn              i - +6 ring of strength
MPRegen  0.12/turn              j - ring of see invisible

@: lethally poisoned (-3 -> -8), repel missiles
A: horns 2, thin metallic scales 2, fire resistance 1
a: Heroism, Renounce Religion


You were on level 8 of the Dungeon.
You worshipped Okawaru.
Okawaru was greatly pleased with you.
You were not hungry.

You visited 2 branches of the dungeon, and saw 9 of its levels.
You also visited: Ossuary.

You collected 360 gold pieces.

Inventory:

Hand Weapons
 a - a +1 war axe (weapon)
 y - a +4 scimitar of flaming
 G - a +0 battleaxe of freezing
Missiles
 d - a throwing net
 E - 12 poisoned darts
 L - 5 boomerangs (quivered)
Armour
 b - a +0 leather armour (worn)
 c - a +0 helmet
 m - a scarf of repulsion (worn)
 p - a +1 chain mail of cold resistance
 x - a +0 buckler (worn)
Jewellery
 i - a +6 ring of strength (left hand)
 j - a ring of see invisible (right hand)
 l - an uncursed ring of stealth
 r - an amulet of reflection (around neck)
 A - an uncursed ring of positive energy
 B - an uncursed ring of flight
Wands
 h - a wand of paralysis (9)
 C - a wand of iceblast (7)
 K - a wand of flame (27)
Scrolls
 g - 5 scrolls of remove curse
 o - 4 scrolls of teleportation
 t - 2 scrolls of fear
 H - 2 scrolls of enchant weapon
 I - a scroll of summoning
Potions
 e - 2 potions of brilliance
 k - 3 potions of might
 n - a potion of heal wounds
 q - 3 potions of flight
 s - a potion of magic {unknown}
 u - a potion of curing
 v - 2 potions of lignification {unknown}
 w - a potion of haste
 z - 4 potions of stabbing
 D - a potion of mutation {unknown}
 F - a potion of resistance {unknown}
Comestibles
 f - 14 rations
 J - 4 chunks of flesh


   Skills:
 + Level 6.2 Fighting
 + Level 10.6 Axes
 + Level 2.3 Throwing
 + Level 4.6 Armour
 + Level 5.8 Dodging
 + Level 4.2 Stealth
 + Level 3.4 Shields
 + Level 0.3 Invocations
 + Level 0.7 Evocations


You had 9 spell levels left.
You didn't know any spells.
Your spell library contained the following spells:

 Spells                   Type           Power        Failure   Level  Hunger
 Confusing Touch          Hex            #.......     83%         3    ####...
 Gell's Gravitas          Tloc           #.........   83%         3    ####...
 Petrify                  Tmut/Erth      #.......     99%         4    #####..
 Metabolic Englaciation   Hex/Ice        #.........   100%        5    ######.
 Yara's Violent Unravell  Hex/Tmut       #.........   100%        5    ######.


Dungeon Overview and Level Annotations

Branches:
Dungeon (8/15)             Temple (1/1) D:4         Ossuary (visited)
   Lair: D:8-11

Altars:
Ashenzari
Fedhas
Makhleb
Nemelex Xobeh
Okawaru
Trog
Uskayaw
Vehumet
Xom
Yredelemnul
Zin


Innate Abilities, Weirdness & Mutations

You have a pair of horns on your head.
You are mostly covered in thin metallic scales. (AC +3)
Your flesh is heat resistant. (rF+)


Message History

You block the killer bee's attack. The killer bee closely misses you. x2
You closely miss the killer bee.
The killer bee is severely wounded.
You hit the killer bee. You barely miss the killer bee.
You feel sick.
The killer bee barely misses you. x2; The killer bee closely misses you.
The killer bee stings you.
* * * LOW HITPOINT WARNING * * *
You are more poisoned.
The killer bee poisons you! The killer bee closely misses you.
You block the killer bee's attack. The killer bee stings you.
* * * LOW HITPOINT WARNING * * *
You feel sick.
The killer bee stings you but does no damage.
The killer bee misses you.
You hear an angry buzzing noise.
You see here a killer bee corpse.
You feel sick. You block the killer bee's attack. The killer bee stings you.
* * * LOW HITPOINT WARNING * * *
The queen bee stings you!
You die...

.. ########.. #..
.......'..
#.##########.. ##
#.....######^. #.#
##.....'....'.. #.#
#).....######.. .
#.####......# #.#
....##.#yy.....#######.#
.......@yy†....#.......#
##########...).#.#######
#######.# #.#######
#........ #####....
###### #........
#####.....# #.####...
#.........# #....'...


You could see a queen bee and 3 killer bees.

Vanquished Creatures
  Erica (D:8)
  2 two-headed ogres (D:8)
  Psyche (D:8)
  2 hippogriffs (D:8)
  Sigmund (D:2)
  4 orc warriors
  A sky beast (D:8)
  2 black bears (D:8)
  8 ogres
  A phantom (D:5)
  2 centaurs
  4 bullfrogs
  4 scorpions
  7 killer bees (D:8)
  2 howler monkeys
  A crimson imp (D:8)
  A centaur zombie (D:8)
  A centaur skeleton (D:7)
  4 hounds
  A jelly (D:6)
  5 orc priests
  An iguana (D:5)
  4 orc wizards
  A bullfrog skeleton (D:8)
  Natasha (thrice) (D:2)
  7 worker ants
  2 hound zombies
  12 mummies (Ossuary)
  3 gnolls (D:3)
  A howler monkey skeleton (D:8)
  9 adders
  A shadow imp (D:8)
  2 oozes
  2 adder skeletons
  An adder zombie (D:3)
  3 worms
  A leopard gecko (D:6)
  31 orcs
  A ball python (D:3)
  4 giant cockroaches
  9 hobgoblins
  6 jackals
  5 quokkas
  8 bats
  4 frilled lizards
  2 gnoll skeletons (Ossuary)
  4 goblins
  2 goblin skeletons (Ossuary)
  A jackal zombie (D:8)
  3 kobolds
  4 kobold skeletons (Ossuary)
  A quokka skeleton (D:4)
  6 rats
  11 rat skeletons (Ossuary)
210 creatures vanquished.

Notes
Turn   | Place    | Note
-------+----------+-------------------------------------------
     0 | D:1      | Clowwww the Demonspawn Gladiator began the quest for the
                  | Orb.
     0 | D:1      | Reached XP level 1. HP: 16/16 MP: 1/1
   351 | D:1      | Gained mutation: You are partially covered in thin metallic
                  | scales. (AC +2) [demonic ancestry]
   351 | D:1      | Reached XP level 2. HP: 17/22 MP: 2/2
   678 | D:1      | Reached skill level 3 in Axes
  1016 | D:2      | Reached XP level 3. HP: 24/27 MP: 3/3
  1053 | D:2      | Noticed Sigmund
  1073 | D:2      | HP: 1/27 [poisoned by an adder]
  1375 | D:2      | Killed Sigmund
  1375 | D:2      | Reached skill level 4 in Axes
  1375 | D:2      | Reached XP level 4. HP: 13/34 MP: 4/4
  1375 | D:2      | Gained mutation: You have a pair of small horns on your
                  | head. [demonic ancestry]
  1375 | D:2      | Reached XP level 5. HP: 15/39 MP: 5/5
  1581 | D:2      | Noticed Natasha
  1583 | D:2      | Reached skill level 1 in Stealth
  1590 | D:2      | Killed Natasha
  1702 | D:2      | Found a shimmering altar of Xom.
  1725 | D:2      | Noticed Natasha
  1729 | D:2      | Killed Natasha
  2065 | D:2      | Gained mutation: Your flesh is heat resistant. (rF+)
                  | [demonic ancestry]
  2065 | D:2      | Reached XP level 6. HP: 46/46 MP: 6/6
  2150 | D:2      | Noticed Natasha
  2157 | D:2      | Killed Natasha
  3241 | D:4      | Reached skill level 5 in Axes
  3383 | D:4      | Reached XP level 7. HP: 34/52 MP: 7/7
  3666 | D:4      | Found a burning altar of Makhleb.
  3871 | D:4      | Found a staircase to the Ecumenical Temple.
  3886 | Temple   | Entered the Ecumenical Temple
  3898 | Temple   | Became a worshipper of Warmaster Okawaru
  4093 | D:5      | Entered Level 5 of the Dungeon
  4104 | D:5      | Reached skill level 6 in Axes
  4590 | D:5      | Gained mutation: You are mostly covered in thin metallic
                  | scales. (AC +3) [demonic ancestry]
  4590 | D:5      | Reached XP level 8. HP: 36/60 MP: 8/8
  5228 | D:5      | Reached * piety under Okawaru
  5368 | D:6      | Found a sand-covered staircase.
  5391 | Ossuary  | Entered an ossuary
  5895 | Ossuary  | Reached skill level 7 in Axes
  6007 | D:6      | Found a blossoming altar of Fedhas.
  6869 | D:6      | Reached skill level 8 in Axes
  7193 | D:7      | Found a sparkling altar of Nemelex Xobeh.
  7203 | D:7      | Reached ** piety under Okawaru
  7212 | D:6      | Reached skill level 1 in Shields
  7223 | D:6      | Gained mutation: You have a pair of horns on your head.
                  | [demonic ancestry]
  7223 | D:6      | Reached XP level 9. HP: 65/66 MP: 9/9
  8258 | D:7      | Reached skill level 5 in Fighting
  8823 | D:8      | Reached skill level 9 in Axes
  8974 | D:8      | Noticed Psyche
  9023 | D:8      | Killed Psyche
  9023 | D:8      | Reached skill level 5 in Dodging
  9048 | D:8      | Reached *** piety under Okawaru
  9574 | D:8      | Noticed a two-headed ogre
  9609 | D:8      | Killed a two-headed ogre
  9609 | D:8      | Reached skill level 10 in Axes
  9609 | D:8      | Reached XP level 10. HP: 17/74 MP: 10/10
 10115 | D:8      | Noticed a two-headed ogre
 10125 | D:8      | Killed a two-headed ogre
 10125 | D:8      | Reached **** piety under Okawaru
 10423 | D:8      | Noticed Erica
 10434 | D:8      | Killed Erica
 10731 | D:8      | Slain by a queen bee

Illustrated notes

Levels and vault maps discovered:
D:1:      evilmike_arrival_crescent, layout_loops_ring
D:2:      layout_rooms, lemuel_crystal_altar, uniq_natasha, uniq_sigmund
D:3:      layout_basic, supply_closet_lemuel, hangedman_decor_riveting
D:4:      layout_rooms, lemuel_doored_altar, minmay_temple_entry_glassed_door,
          grunt_tough_drop
D:5:      layout_layer_cave, first_ration
D:6:      layout_basic, nicolae_overflow_hidden_temple,
          nicolae_ossuary_entry_ruins
D:7:      layout_cave_pools, nicolae_overflow_crystal_walls
D:8:      layout_basic, david_nohive_1, grunt_ministairs_12, uniq_psyche,
          uniq_erica
Temple:   nicolae_temple_great_sept

Skill      XL: |  1  2  3  4  5  6  7  8  9 10 |
---------------+-------------------------------+-----
Axes           | 3 4 5 6 8 10 | 10.6
Dodging        | 3 4 5 |  5.8
Armour         | 2 3 4 |  4.6
Stealth        | 1 3 4 |  4.2
Fighting       | 3 4 5 6 |  6.2
Shields        | 1 2 3 |  3.4
Throwing       | 2 |  2.3
Invocations    | |  0.3
Evocations     | |  0.7

Action                   |  1- 3 |  4- 6 |  7- 9 | 10-12 || total
-------------------------+-------+-------+-------+-------++-------
Melee: War axe           |    78 |   137 |   351 |    79 ||   645
       Headbutt          |       |    24 |    69 |    28 ||   121
Throw: Throwing net      |       |       |     4 |     1 ||     5
       Dart              |       |       |     6 |       ||     6
Invok: Heroism           |       |       |     1 |     1 ||     2
Evoke: Wand              |       |       |     8 |       ||     8
  Use: Potion            |     2 |       |     1 |     1 ||     4
       Scroll            |       |     2 |    17 |     2 ||    21
 Stab: Sleeping          |     2 |     2 |     5 |     2 ||    11
       Invisible         |       |       |     3 |       ||     3
       Distracted        |       |       |     1 |       ||     1
       Held in net/web   |       |       |       |     2 ||     2
  Eat: Chunk             |     1 |     7 |     9 |     4 ||    21
       Ration            |       |       |     3 |       ||     3
Armor: Leather armour    |    22 |    52 |    53 |    30 ||   157
Dodge: Dodged            |    52 |   117 |   210 |    62 ||   441
       Repelled          |       |       |     1 |       ||     1
Block: Buckler           |       |     3 |   109 |    72 ||   184
       Reflection        |       |       |     3 |     3 ||     6
